AoeStats
← Yougotmeeshed

Arena

506712131Analyzed
4v4 RM · 17d ago on Sep 14, 2026· 53m 35s· 8 players
Game mode
Random Map
Map size
Large (8 player)
Population
200
Speed
Normal
Resources
Standard
Victory
Conquest
Starting age
Dark Age
Ending age
Imperial Age
RankedLock teamsTeams togetherTeam positionsShared explorationLock speedFull tech treeHidden civsTurbo modeCheats
Victory
Defeat
🇳🇴 Muisca · Norway
1472
+12
🇺🇸 Franks · United States
1377
+16
🇺🇸 Vietnamese · United States
1355
+18
🇮🇳 Magyars · India
1351
+17
🇧🇷 Ethiopians · Brazil
1413
-17
🇦🇷 Burgundians · Argentina
1384
-16
🇦🇷 Turks · Argentina
1373
-15
🇹🇷 Poles · Türkiye
1364
-15
Meesh
12:25 Feudal Age
16:53 Castle Age
15:16 Double-Bit Axe
15:13 Horse Collar
16:45 Gold Mining
16:49 Stone Mining
17:11 Fletching
19:26 Heavy Plow
19:49 Bow Saw
24:49 Bodkin Arrow
31:16 Wheelbarrow
30:32 Loom
37:42 Hand Cart
39:07 Pikeman
39:47 Squires
40:09 Arson
43:23 Imperial Age
43:35 Scale Mail Armor
43:47 Forging
44:13 Padded Archer Armor
44:31 Chain Mail Armor
43:38 Halberdier
43:50 Capped Ram
45:14 Iron Casting
50:58 Paper Money
51:46 Two-Man Saw
52:02 Spies/Treason
Jafarr
10:55 Feudal Age
14:45 Castle Age
13:41 Double-Bit Axe
15:53 Bow Saw
21:44 Wheelbarrow
22:02 Gold Mining
21:59 Loom
27:57 Imperial Age
26:25 Scale Barding Armor
26:26 Town Watch
27:07 Hand Cart
26:39 Loom
27:08 Husbandry
27:21 Forging
27:31 Chain Barding Armor
27:45 Town Patrol
28:47 Gold Shaft Mining
28:03 Stone Mining
28:33 Cavalier
29:50 Iron Casting
31:12 Plate Barding Armor
31:39 Blast Furnace
31:38 Pikeman
31:51 Paladin
32:42 Scale Mail Armor
32:44 Squires
32:42 Halberdier
34:14 Chain Mail Armor
36:12 Conscription
37:19 Plate Mail Armor
38:58 Chivalry
43:23 Caravan
49:36 Spies/Treason
52:22 #83
51:53 Gambesons
51:31 Capped Ram
52:13 Padded Archer Armor
52:06 Fletching
Yougotmeeshed
10:49 Feudal Age
14:33 Castle Age
13:46 Double-Bit Axe
13:42 Horse Collar
14:04 Town Watch
17:40 Loom
22:36 Bow Saw
25:23 Fletching
27:46 Stone Mining
30:27 Gold Mining
31:28 Padded Archer Armor
31:56 Bodkin Arrow
32:58 Wheelbarrow
35:30 Imperial Age
33:49 Ballistics
33:53 Leather Archer Armor
34:48 Hand Cart
35:12 Stone Shaft Mining
35:12 Gold Shaft Mining
34:43 Heavy Plow
36:15 Bracer
37:25 Chemistry
37:03 Elite Guecha Warrior
38:05 Conscription
41:26 Scale Mail Armor
41:36 Forging
41:31 Elite Temple Guard
42:12 Squires
42:28 Chain Mail Armor
43:36 Iron Casting
44:28 Plate Mail Armor
45:03 Capped Ram
48:01 Spies/Treason
53:25 Coinage
Amlan73
12:01 Feudal Age
15:41 Castle Age
13:37 Double-Bit Axe
14:22 Horse Collar
17:16 Bow Saw
21:11 Gold Mining
23:05 Heavy Plow
27:52 Imperial Age
25:10 Loom
26:02 Wheelbarrow
25:31 Fletching
25:38 Stone Mining
26:45 Bodkin Arrow
27:12 Ballistics
27:58 Gold Shaft Mining
27:59 Padded Archer Armor
31:41 Two-Man Saw
31:28 Thumb Ring
30:54 Heavy Cavalry Archer
31:55 Husbandry
32:05 Bloodlines
32:03 Bracer
33:19 Conscription
33:17 Leather Archer Armor
34:09 Chemistry
33:13 Town Watch
33:44 Hand Cart
36:13 Ring Archer Armor
37:09 Parthian Tactics
38:59 Recurve Bow
40:13 Corvinian Army
40:14 Murder Holes
40:35 Scale Barding Armor
40:41 Elite Magyar Huszar
42:11 Chain Barding Armor
42:55 Treadmill Crane
45:03 Plate Barding Armor
46:17 Masonry
46:12 Siege Engineers
46:42 Careening
46:24 Heated Shot
46:36 Scale Mail Armor
48:19 Chain Mail Armor
49:14 Guard Tower
50:04 Crop Rotation
49:06 Spies/Treason
50:36 Town Patrol
twitch.tv/markola86
10:41 Feudal Age
8:57 Loom
16:12 Castle Age
14:16 Double-Bit Axe
14:12 Horse Collar
16:05 Scale Mail Armor
16:02 Gold Mining
17:06 Bow Saw
17:24 Heavy Plow
19:00 Squires
22:18 Chain Mail Armor
22:38 Arson
25:01 Forging
26:42 Iron Casting
29:01 Gold Shaft Mining
28:17 Stone Mining
29:37 Wheelbarrow
28:50 Town Watch
29:51 Fervor
30:02 Sanctity
30:02 Fletching
30:37 Padded Archer Armor
30:54 Bodkin Arrow
33:24 Leather Archer Armor
33:47 Ballistics
34:20 Thumb Ring
33:59 Elite Skirmisher
35:14 Murder Holes
35:24 Crossbowman
41:12 Imperial Age
40:12 Hand Cart
40:36 Town Patrol
41:15 Arbalester
41:56 Bracer
42:58 Chemistry
42:25 Conscription
44:41 Ring Archer Armor
44:42 Plate Mail Armor
BoBa
12:50 Feudal Age
13:45 Double-Bit Axe
13:41 Horse Collar
18:03 Castle Age
17:30 Bloodlines
17:11 Gold Mining
17:13 Stone Mining
17:31 Scale Barding Armor
18:33 Forging
18:06 Light Cavalry
19:07 Bow Saw
21:09 Heavy Plow
23:16 Wheelbarrow
22:27 Loom
24:33 Szlachta Privileges
29:59 Imperial Age
27:45 Husbandry
29:21 Hand Cart
29:35 Chain Barding Armor
30:59 Iron Casting
31:26 Ballistics
30:59 Cavalier
32:39 Conscription
34:11 Chemistry
34:34 Winged Hussar
36:22 Blast Furnace
35:13 Fletching
35:38 Town Watch
35:46 Treadmill Crane
37:35 Bodkin Arrow
38:06 Masonry
39:59 Crop Rotation
40:06 Bracer
40:35 Capped Ram
41:28 Siege Ram
SvS Smolf
10:03 Feudal Age
8:19 Loom
14:21 Castle Age
22:02 Coinage
28:38 Imperial Age
27:05 Padded Archer Armor
29:11 Scale Barding Armor
29:16 Forging
29:07 Heavy Camel Rider
30:25 Bloodlines
30:20 Husbandry
31:01 Chain Barding Armor
34:09 Plate Barding Armor
SvS CHEO
10:55 Feudal Age
10:48 Double-Bit Axe
10:45 Horse Collar
11:59 Bow Saw
12:18 Heavy Plow
14:32 Gold Mining
16:20 Wheelbarrow
17:26 Gold Shaft Mining
21:37 Hand Cart
21:36 Stone Mining
24:24 Stone Shaft Mining
34:54 Castle Age
36:58 Two-Man Saw
40:12 Imperial Age
38:09 Scale Barding Armor
38:15 Forging
39:24 Chain Barding Armor
39:15 Burgundian Vineyards
38:44 Cavalier
41:00 Iron Casting
40:55 Paladin
41:51 Husbandry
43:37 Plate Barding Armor
43:37 Conscription
46:52 Blast Furnace
47:50 Two-Man Saw
47:22 Crop Rotation
50:38 Masonry
50:41 Fortified Wall
50:44 Masonry
Connection lost

Rejoining the realm…

Still unreachable

The connection could not be restored.

Session expired

The server has moved on; the page needs a fresh start.